 Dungeon Crawl Stone Soup version 0.31-a0-217-g58bb5d79cf (webtiles) character file.

Game seed: 7928407606809191714

453 qw the Chopper (level 7, -1/43 HPs)
             Began as a Gargoyle Fighter on July 2, 2023.
             Slain by a gnoll
             ... wielding a +0 halberd
             ... led by a gnoll bouda
              (9 damage)
             ... on level 3 of the Dungeon.
             The game lasted 00:01:22 (2825 turns).

qw the Chopper (Gargoyle Fighter)                   Turns: 2825, Time: 00:01:23

Health: -1/43      AC: 15    Str: 21    XL:     7   Next: 5%
Magic:  7/7        EV:  8    Int:  9    God:
Gold:   110        SH:  4    Dex:  9    Spells: 6/6 levels left

rFire   . . .        Y - +0 war axe
rCold   . . .        c - +0 buckler
rNeg    + . .        g - +0 chain mail
rPois   inf          k - +0 helmet
rElec   +            (no cloak)
rCorr   .            (no gloves)
SInv    .            (no boots)
Will    .....        (no amulet) Stlth
                     (no ring)
HPRegen 0.27/turn    (no ring)
MPRegen 0.10/turn

%: no passive effects
@: about to teleport, weakened
A: sickness immunity, AC +4, negative energy resistance 1, electricity
resistance, torment resistance 1, petrification resistance
a: no special abilities


You were on level 3 of the Dungeon.
You visited 1 branch of the dungeon, and saw 5 of its levels.

You collected 110 gold pieces.


Innate Abilities, Weirdness & Mutations

You are immune to sickness and miasma.
Your stone body is resilient. (AC +4)
You are immune to poison.
You resist negative energy. (rN+)
You are resistant to electric shocks. (rElec)
You are resistant to unholy torment.
You are immune to petrification.


   Skills:
 - Level 4.0 Fighting
 + Level 6.1 Axes
 - Level 1.0 Throwing
 - Level 3.2 Armour
 - Level 1.0 Dodging
 - Level 3.2 Shields


You had 6 spell levels left.
You didn't know any spells.
Your spell library was empty.

Inventory:

Hand Weapons
 j - a +1 heavy flail
 Y - a +0 war axe (weapon)
Armour
 c - a +0 buckler (worn)
 f - a +0 pair of boots
 g - a +0 chain mail (worn)
 k - a +0 helmet (worn)
Jewellery
 i - the amulet "Zieqidd" {Reflect rC- Will+ Str+4 SH+5}
   (You found it on level 3 of the Dungeon)

   [amulet of reflection]

   It reflects blocked missile attacks.
   Str:       It affects your strength (+4).
   rC:        It makes you vulnerable to cold.
   SH:        It affects your SH (+5).
   Will:      It increases your willpower.
Scrolls
 a - 2 scrolls of teleportation
 b - 2 scrolls of identify
Potions
 d - 2 potions of might
 e - a potion of cancellation {unknown}
 h - a potion of curing
 l - a potion of degeneration {unknown}

Dungeon Overview and Level Annotations

Branches:
Dungeon (5/15)
 Temple: D:4-7

Altars:

Annotations:
D:3 1 runed translucent door, Crazy Yiuf


Message History

The gnoll bouda is heavily wounded.
The gnoll is no longer moving quickly.
You block the gnoll bouda's attack.
The gnoll hits you from afar with a +0 spear.
You barely miss the gnoll bouda.
The gnoll bouda is heavily wounded.
The gnoll bouda barks out a call to the hunt!
The gnoll picks up the pace!
The gnoll hits you but does no damage.
You slash the gnoll bouda!
The gnoll bouda is almost dead.
The gnoll is no longer moving quickly.
The gnoll bouda hits you but does no damage.
You block the gnoll's attack.
You hit the gnoll bouda.
You kill the gnoll bouda!
The gnoll hits you but does no damage. x2
You have reached level 7!
The gnoll barely misses you. The gnoll hits you but does no damage.
Things that are here:
a +0 whip; a +0 leather armour; 10 gold pieces You slash the gnoll!
The gnoll is severely wounded.
The gnoll is no longer moving quickly.
The gnoll hits you but does no damage.
The gnoll hits you from afar with a +0 spear.
The gnoll barely misses you. x3
You hit the gnoll.
The gnoll is almost dead.
The gnoll closely misses you. The gnoll hits you but does no damage.
You block the gnoll's attack.
You slash the gnoll!
You kill the gnoll!
The gnoll hits you from afar with a +0 spear.
The gnoll closely misses you.
Your Dodging skill increases to level 1!
2825 ||| READING 3 scrolls of teleportation.
As you read the scroll of teleportation, it crumbles to dust.
You feel strangely unstable. The gnoll hits you but does no damage.
The gnoll hits you from afar with a +0 halberd!
You die...

....#.# ..#................
#...#.# ...................
#...#.# #.#....###.###...##
#.....### #.#....# #.#######
#..##...## ##.#....# #.....#
.........###.#..#gg..#######.#
.............#..#gg. #...##.##
.........#####.##.# #.#.....#
................@)# #.#.....#
.........#####.#### #.#...[.#
##+##....#####.# #.#.....#
#...........#.# ######.#.)...#
###<........#.# #......#.....#
#.#######.#.###.####.#.....#
#.#.. #.......#.# ####.....###
#.#..##.#.#...#.# #......).'..
#.#..##.#.#####.# #........###


You could see 4 gnolls.

Vanquished Creatures
  Grinder (D:3)
  A hound (D:4)
  A gnoll bouda (D:3)
  Jessica (D:3)
  Ijyb (D:4)
  Natasha (twice) (D:3)
  A gnoll (D:3)
  3 adders
  5 dart slugs
  A bat (D:3)
  7 endoplasms
  A giant cockroach (D:2)
  11 goblins
  5 hobgoblins
  3 jackals
  5 kobolds
  A quokka (D:1)
  7 ball pythons
  2 frilled lizards
  6 rats
65 creatures vanquished.

Notes
Turn   | Place    | Note
-------+----------+-------------------------------------------
     0 | D:1      | qw the Gargoyle Fighter began the quest for the Orb.
     0 | D:1      | Reached XP level 1. HP: 14/14 MP: 1/1
     0 | D:1      | 0 ||| qw: Version: 0.3-a-40-ge99b1a8
     0 | D:1      | 0 ||| qw: Game counter: 4
     0 | D:1      | 0 ||| qw: Melee chars always use a shield: true
     0 | D:1      | 0 ||| qw: God list: Okawaru
     0 | D:1      | 0 ||| qw: Allow faded altars: false
     0 | D:1      | 0 ||| qw: Do Orc after clearing Dungeon:15 true
     0 | D:1      | 0 ||| qw: Do second Lair branch before Depths: true
     0 | D:1      | 0 ||| qw: Lair rune preference: random
     0 | D:1      | 0 ||| qw: Goals: Normal, Zot:1-4, Slime:5, God:TSO, Crypt,
                  | Tomb, Abyss, Pan, Hells, Win
     0 | D:1      | 0 ||| PLANNING D:1-11
     1 | D:1      | Noticed an electric eel
    45 | D:1      | 45 ||| Stepping ~*~*~tactically~*~*~ (stealth).
    46 | D:1      | 46 ||| Stepping ~*~*~tactically~*~*~ (stealth).
    57 | D:1      | Reached skill level 2 in Axes
   120 | D:1      | 120 ||| Stepping ~*~*~tactically~*~*~ (hiding).
   121 | D:1      | 121 ||| Stepping ~*~*~tactically~*~*~ (hiding).
   134 | D:1      | Reached XP level 2. HP: 14/19 MP: 2/2
   275 | D:1      | 275 ||| DROPPING +0 club.
   292 | D:1      | 292 ||| DROPPING +0 whip.
   405 | D:1      | Reached skill level 3 in Axes
   425 | D:1      | Reached XP level 3. HP: 23/23 MP: 3/3
   491 | D:1      | 491 ||| Stepping ~*~*~tactically~*~*~ (stealth).
   690 | D:1      | 690 ||| Stepping ~*~*~tactically~*~*~ (hiding).
   692 | D:1      | 692 ||| Stepping ~*~*~tactically~*~*~ (hiding).
   694 | D:1      | 694 ||| Stepping ~*~*~tactically~*~*~ (hiding).
   695 | D:1      | 695 ||| Stepping ~*~*~tactically~*~*~ (hiding).
   697 | D:1      | 697 ||| Stepping ~*~*~tactically~*~*~ (hiding).
   701 | D:1      | Reached skill level 1 in Throwing
   944 | D:1      | 944 ||| UPGRADING to +0 chain mail.
   954 | D:1      | 954 ||| DROPPING +0 scale mail.
   955 | D:1      | 955 ||| UPGRADING to +0 helmet.
   960 | D:1      | 960 ||| READING scroll labelled ECOUZIOXKAH.
   965 | D:1      | 965 ||| READING 2 scrolls labelled DOOCVUJ BOUTAFF.
   966 | D:1      | 966 ||| READING scroll labelled OTSAKHL FISOLIH.
   967 | D:1      | 967 ||| READING scroll labelled ZICE DOAXT.
   968 | D:1      | 968 ||| DROPPING scroll of fog.
  1216 | D:2      | 1216 ||| Stepping ~*~*~tactically~*~*~ (stealth).
  1286 | D:2      | 1286 ||| Stepping ~*~*~tactically~*~*~ (hiding).
  1297 | D:2      | Reached XP level 4. HP: 28/28 MP: 4/4
  1456 | D:2      | 1456 ||| READING scroll labelled AVUREG JANOE.
  1457 | D:2      | 1457 ||| DRINKING 2 glowing puce potions.
  1484 | D:3      | Noticed Grinder
  1485 | D:3      | Paralysed by Grinder for 5 turns
  1497 | D:3      | Paralysed by Grinder for 2 turns
  1504 | D:3      | HP: 6/28 [Grinder/nerve-wracking pain (6)]
  1505 | D:3      | 1505 ||| READING 2 scrolls of teleportation.
  1506 | D:3      | 1506 ||| DRINKING potion of heal wounds.
  1514 | D:3      | Killed Grinder
  1515 | D:3      | Reached skill level 5 in Axes
  1515 | D:3      | Reached XP level 5. HP: 19/32 MP: 5/5
  1515 | D:3      | Reached XP level 6. HP: 22/37 MP: 6/6
  1593 | D:3      | Found a faded altar of an unknown god.
  1644 | D:3      | You fall into a shaft and drop 2 floors!
  1644 | D:5      | Entered Level 5 of the Dungeon
  1729 | D:5      | 1729 ||| READING scroll labelled LOAXZI AHAUSM.
  1803 | D:4      | Noticed Ijyb
  1804 | D:4      | 1804 ||| Stepping ~*~*~tactically~*~*~ (hiding).
  1819 | D:4      | Killed Ijyb
  1891 | D:4      | 1891 ||| READING scroll labelled FAEL IXUKHATUE.
  2348 | D:3      | Noticed Natasha
  2353 | D:3      | Killed Natasha
  2376 | D:3      | Identified the amulet "Zieqidd" {Reflect rC- Will+ Str+4
                  | SH+5}
  2535 | D:3      | Noticed Jessica
  2540 | D:3      | Killed Jessica
  2704 | D:3      | Found a runed translucent door.
  2705 | D:3      | Noticed Crazy Yiuf
  2781 | D:3      | Noticed Natasha
  2782 | D:3      | 2782 ||| Stepping ~*~*~tactically~*~*~ (stealth).
  2784 | D:3      | 2784 ||| Stepping ~*~*~tactically~*~*~ (hiding).
  2799 | D:3      | Killed Natasha
  2800 | D:3      | Reached skill level 6 in Axes
  2800 | D:3      | 2800 ||| Stepping ~*~*~tactically~*~*~ (hiding).
  2801 | D:3      | 2801 ||| Stepping ~*~*~tactically~*~*~ (hiding).
  2821 | D:3      | Reached XP level 7. HP: 16/43 MP: 7/7
  2824 | D:3      | HP: 8/43 [gnoll/+0 spear[a gnoll bouda] (4)]
  2825 | D:3      | Reached skill level 1 in Dodging
  2825 | D:3      | 2825 ||| READING 3 scrolls of teleportation.
  2825 | D:3      | Slain by a gnoll

Levels and vault maps discovered:
D:1:      arrival_aquarium_a, layout_basic, minmay_vboxes
D:2:      layout_rooms
D:3:      layout_basic, shapermc_ecumenical_altar_venn, kennysheep_nondescript,
          nicolae_grassy_gnolls, uniq_jessica, uniq_natasha,
          uniq_crazy_yiuf_cottage, uniq_grinder
D:4:      layout_basic, amcnicky_altar_gilded, minmay_misc_feat_tower,
          nicolae_concentric_dashed_squares_mild, nicolae_shop_dragon_depot,
          cheibrodos_gnoll_hut, uniq_blork_the_orc, uniq_ijyb
D:5:      layout_layer_cave, overflow_temple_1_default,
          hellmonk_bongcloud_opening, sigmund_edmund_badplayer, uniq_eustachio

Skill      XL: |  1  2  3  4  5  6  7 |
---------------+----------------------+-----
Axes           | 2 3 5 6 |  6.1
Throwing       | 1 |  1.0
Fighting       | 4 |  4.0
Dodging        | 1 |  1.0
Armour         | |  3.2
Shields        | |  3.2

Action                     |  1- 3 |  4- 6 |  7- 9 || total
---------------------------+-------+-------+-------++-------
  Melee: War axe           |    86 |   117 |     3 ||   206
  Throw: Javelin           |    20 |     9 |       ||    29
    Use: Scroll            |     4 |     4 |     1 ||     9
         Potion            |       |     2 |       ||     2
 Armour: Scale mail        |    36 |       |       ||    36
         Chain mail        |     8 |    60 |     4 ||    72
  Dodge: Dodged            |    30 |    37 |     6 ||    73
  Block: Buckler           |    13 |    22 |     1 ||    36

Table legend:
 A = Non-vault XP
 B = Vault XP
 C = Vault XP percentage of total XP
 D = Non-vault monster count
 E = Vault monster count
 F = Vault count percentage of total count
                 A         B        C        D         E       F
            +---------+---------+-------+---------+---------+-------
      Total |     212 |     436 |  67.3 |      53 |      12 |  18.5
            +---------+---------+-------+---------+---------+-------
        D:1 |      50 |       9 |  15.3 |      24 |       6 |  20.0
        D:2 |      51 |       0 |   0.0 |      14 |       0 |   0.0
        D:3 |      64 |     391 |  85.9 |      12 |       5 |  29.4
        D:4 |      47 |      36 |  43.4 |       3 |       1 |  25.0
            +---------+---------+-------+---------+---------+-------
